 Dungeon Crawl Stone Soup version 0.28-a0-1412-gf95308ed99 (webtiles) character file.

Game seed: 15558508556639208759

2350891 technosentience the Slayer (level 27, 228/228 HPs)
             Began as a Djinni Conjurer on Jan 6, 2022.
             Was a High Priest of Ashenzari.
             Escaped with the Orb
             ... and 4 runes on Jan 7, 2022!
             The game lasted 06:52:27 (71211 turns).

technosentience the Slayer (Djinni Conjurer)       Turns: 71211, Time: 06:52:28

Health: 228/228    AC: 25    Str: 16    XL:     27
Gold:   5531       EV: 12    Int: 32    God:    Ashenzari [*****.] SH: 38 Dex: 14

rFire   + + +      SeeInvis +   m - staff of conjuration
rCold   + . .      Faith    .   W - +18 shield of the Gong {rElec rN+ Will+ EV-5, Self, Fort} (curse)
rNeg    + . .      Spirit   .   h - +5 chain mail "Repose of Ashenzari" {Regen+ Str+4, Self, Range} (curse)
rPois   ∞          Reflect  +   G - +3 hat of Obbobe {rC+}
rElec   +          Harm     .   c - scarf of the Ensconced Oracle {rC+ rF+, Evo, Self} (curse)
rCorr   .          Rampage  .   N - +0 pair of gloves "Tethered With Me" {Melee, Cun} (curse)
Will    +++++      Clarity  +   (boots unavailable)
Stlth   ..........              r - amulet of the Oracular Failure {Reflect +Blink Will++ Slay+3 SH+5 Stlth-, Cun, Self} (curse)
HPRegen 1.28/turn               M - ring of Supernal Knowledge {Wiz, Cun, Self} (curse)
MPRegen 0.00/turn               O - ring "Tethered Incredulity" {Will+ MP-9 Str+6 SInv, Melee, Self} (curse)

@: flying
A: sickness immunity, fire resistance 2, cold vulnerability 1, float, innate
caster, hp casting, extra vitality 1, noise suppression
0: Orb of Zot
}: 4/15 runes: barnacled, silver, abyssal, gossamer
a: Renounce Religion, Evoke Blink, Curse Item, Shatter the Chains


You escaped.
You worshipped Ashenzari.
Ashenzari was extremely pleased with you.
You visited 13 branches of the dungeon, and saw 55 of its levels.
You visited the Abyss 1 time.
You also visited: Trove and Sewer.

You collected 8257 gold pieces.
You spent 2726 gold pieces at shops.

Inventory:

Hand Weapons
 y - the +14 obsidian axe {vorpal, Mesm Drain Fly SInv}
   (You found it on level 3 of the Elven Halls)

   It inflicts extra damage upon your enemies.
   It occasionally summons demons to assist the wielder when it strikes in
   combat.
   Its wielder is mesmerised by any visible foes.
   It cannot be unequipped while any foes are visible.
   SInv:      It lets you see invisible.
   Fly:       It grants you flight.
   Drain:     It drains your maximum health when unequipped.
Armour
 c - the cursed scarf of the Ensconced Oracle (worn) {rC+ rF+, Evo, Self}
   (You found it on level 9 of the Dungeon)

   It has a curse which improves the following skills: Evocations: Evocations.
   Introspection: Fighting and Spellcasting.
 h - the cursed +5 chain mail "Repose of Ashenzari" (worn) {Regen+ Str+4, Self, Range}
   (You found it on level 13 of the Dungeon)

   Str:       It affects your strength (+4).
   Regen:     It increases your rate of health regeneration.
   It has a curse which improves the following skills: Introspection: Fighting
   and Spellcasting.
   Ranged Combat: Slings, Bows, Crossbows and Throwing.
 G - the +3 hat of Obbobe (worn) {rC+}
   (You found it on level 1 of the Depths)

   rC:        It protects you from cold.
 N - the cursed +0 pair of gloves "Tethered With Me" (worn) {Melee, Cun}
   (You found it on level 7 of the Dungeon)

   It has a curse which improves the following skills: Melee Combat: Short
   Blades, Long Blades, Axes, Maces & Flails, Polearms, Staves and Unarmed
   Combat.
   Cunning:   Dodging and Stealth.
 P - an orb of guile
 W - the cursed +18 shield of the Gong (worn) {rElec rN+ Will+ EV-5, Self, Fort}
   (You found it on level 3 of the Elven Halls)

   It is deafeningly noisy when blocking attacks.
   EV:        It affects your evasion (-5).
   rElec:     It insulates you from electricity.
   rN:        It protects you from negative energy.
   Will:      It increases your willpower.
   It has a curse which improves the following skills: Introspection: Fighting
   and Spellcasting.
   Fortitude: Armour and Shields.
Magical Staves
 m - a staff of conjuration (weapon)
Jewellery
 r - the cursed amulet of the Oracular Failure (around neck) {Reflect +Blink Will++ Slay+3 SH+5 Stlth-, Cun, Self}
   (You acquired it in the Vestibule of Hell)

   [amulet of reflection]

   It reflects blocked missile attacks.
   Slay:      It affects your accuracy & damage with ranged weapons and melee
   (+3).
   +Blink:    It lets you blink.
   SH:        It affects your SH (+5).
   Will:      It greatly increases your willpower.
   Stlth:     It makes you less stealthy.
   It has a curse which improves the following skills: Cunning: Dodging and
   Stealth.
   Introspection: Fighting and Spellcasting.
 v - a +4 ring of evasion
 M - the cursed ring of Supernal Knowledge (left hand) {Wiz, Cun, Self}
   (You found it on level 6 of the Dungeon)

   [ring of wizardry]

   It improves your spell success rate.
   It has a curse which improves the following skills: Cunning: Dodging and
   Stealth.
   Introspection: Fighting and Spellcasting.
 O - the cursed ring "Tethered Incredulity" (right hand) {Will+ MP-9 Str+6 SInv, Melee, Self}
   (You found it on level 3 of the Elven Halls)

   [ring of strength]

   Str:       It affects your strength (+6).
   MP:        It affects your magic capacity (-9).
   SInv:      It lets you see invisible.
   Will:      It increases your willpower.
   It has a curse which improves the following skills: Melee Combat: Short
   Blades, Long Blades, Axes, Maces & Flails, Polearms, Staves and Unarmed
   Combat.
   Introspection: Fighting and Spellcasting.
 V - a ring of positive energy
 Y - an amulet of the acrobat
Wands
 a - a wand of acid (30)
 f - a wand of mindburst (21)
 o - a wand of polymorph (18)
 q - a wand of paralysis (25)
 x - a wand of digging (29)
 A - a wand of flame (137)
 J - a wand of iceblast (34)
 T - a wand of charming (8)
Scrolls
 b - 17 scrolls of teleportation
 d - 7 scrolls of silence
 e - 12 scrolls of enchant weapon
 l - 8 scrolls of magic mapping
 n - 7 scrolls of enchant armour
 p - 13 scrolls of blinking
 t - 2 scrolls of summoning
 w - 6 scrolls of brand weapon
 z - 4 scrolls of fear
 C - 6 scrolls of holy word
 D - a scroll of torment
 E - 4 scrolls of vulnerability
Potions
 g - 8 potions of ambrosia
 i - 14 potions of heal wounds
 k - 4 potions of haste
 s - 7 potions of brilliance
 u - 14 potions of curing
 F - 5 potions of cancellation
 I - 3 potions of invisibility
 K - 8 potions of might
 L - 5 potions of mutation
 S - 9 potions of resistance
Miscellaneous
 j - a box of beasts
 H - a phantom mirror
 Q - a tin of tremorstones (2/2)
 R - a phial of floods (inert)
 U - a condenser vane
 X - a lightning rod (4/4)
 Z - the horn of Geryon (inert)


   Skills:
 + Level 24.3(27) Fighting
 - Level 11.4(15.1) Axes
 - Level 4.0(11.6) Maces & Flails
 - Level 9.7(13.4) Staves
 - Level 18.3(20.4) Armour
 + Level 24.2(27) Dodging
 - Level 1.5(4.4) Stealth
 - Level 16.4(18.6) Shields
 + Level 19.6(26.6) Spellcasting
 + Level 17.8(19.9) Evocations


You couldn't memorise any spells.
You knew the following spells:

 Your Spells              Type           Power      Damage    Failure   Level
a - Magic Dart            Conj           100%       1d8       0%          1
b - Searing Ray           Conj           100%       2d8       0%          2
c - Dazzling Flash        Conj/Hex       100%       N/A       0%          3
d - Fulminant Prism       Conj/Hex       72%        3d30      0%          4
e - Iskenderun's Mystic   Conj/Tloc      100%       2d19      0%          4
f - Animate Skeleton      Necr           100%       N/A       0%          1
g - Poisonous Vapours     Pois/Air       100%       N/A       0%          2
h - Vampiric Draining     Necr           100%       2d13      0%          3
i - Frozen Ramparts       Ice            100%       1d12      0%          3
j - Sticky Flame          Conj/Fire      100%       2d11      0%          4
k - Irradiate             Conj/Tmut      72%        3d37      0%          5
l - Simulacrum            Ice/Necr       59%        N/A       0%          6
m - Dispersal             Tloc           59%        N/A       0%          6
n - Storm Form            Tmut/Air       59%        N/A       1%          7
o - Orb of Destruction    Conj           72%        9d19      1%          7
p - Infestation           Necr           59%        N/A       1%          8
q - Death's Door          Necr           59%        N/A       3%          9
r - Polar Vortex          Ice            59%        N/A       3%          9
Your spell library was empty.

Dungeon Overview and Level Annotations

Branches:
Dungeon (15/15)            Temple (1/1) D:6            Lair (6/6) D:9
 Shoals (4/4) Lair:2       Spider (4/4) Lair:2        Slime (2/5) Lair:5
    Orc (2/2) D:12            Elf (3/3) Orc:2        Vaults (5/5) D:13
  Crypt (3/3) Vaults:2       Tomb (0/3) Crypt:3      Depths (4/4) D:15
   Hell (visited)             Dis (0/7) Hell            Geh (0/7) Hell
    Coc (0/7) Hell            Tar (0/7) Hell            Zot (5/5) Depths:4
  Sewer (visited)

Altars:
Ashenzari
Cheibriados
Dithmenos
Elyvilon
Fedhas
Gozag
Hepliaklqana
Kikubaaqudgha
Makhleb
Nemelex Xobeh
Okawaru
Qazlal
Ru
Sif Muna
Trog
Uskayaw
Vehumet
Wu Jian
Xom
Yredelemnul
Zin
The Shining One
Beogh

Shops:
D:10 *??[   D:13 ([   D:15 =*   Orc:2 :::[   Elf:3 *(*?*   Shoals:3 (

Portals:
Hell: Depths:1 Depths:2 Depths:3 Depths:4
Abyss: Depths:2 Depths:3
Pandemonium: Depths:1 Depths:2 Depths:3 Depths:4
Ziggurat: Depths:2

Annotations:
D:4 2 transporters, raistware's ghost, amateur HuCj
Elf:2 5 runed translucent doors


Innate Abilities, Weirdness & Mutations

You are immune to sickness and miasma.
You are immune to poison.
Your flesh is very heat resistant. (rF++)
You are vulnerable to cold. (rC-)
You float through the air rather than walking.
You learn spells naturally, not from books.
Your magical power is your life essence.
You have superior vitality. (+4 MHP)
You passively dampen the noise of your surroundings.


Message History

You feel a surge of power!
Your orb of destruction hits a rock wall.
There is an open door here.
There is an open door here.
Your extra speed is starting to run out.
There is an open door here.
An ice devil comes into view.
There is an open door here.
You block the ice devil's attack.
PTOANNNG!
There is an open door here.
You feel yourself slow down. You block the ice devil's attack.
BONNNG!
There is an open door here.
There is a staircase leading out of the dungeon here.
Casting: Orb of Destruction (safe; 1% risk of failure)
Confirm with . or Enter, or press ? or * to list all spells.
You feel a surge of power!
You erupt in a blast of force!
The mystic blast hits the angel!
The angel is lightly wounded.
The angel is knocked back by the mystic blast.
The angel slams into the rock wall!
The mystic blast hits the ice devil!
The ice devil is moderately wounded.
The ice devil is knocked back by the mystic blast.
You feel a surge of power!
The orb of destruction hits the ice devil!!!!
You blow up the ice devil!
You feel a surge of power!
The wavering orb of destruction hits the angel!!!
The angel is severely wounded.
The angel gestures.
The angel is healed somewhat.
You feel a surge of power!
The wavering orb of destruction weakly hits the angel!!!
You blow up the angel!
You start resting.
HP restored.
You produce a hideous howling noise!
You have escaped!

......#...'...'..A'...####.######
.######...#...#...#...####.....A.
.# ##'###'#######'##.....##### .#
#...#...#...#...####.....## .#
#...#...'...#...#........##
.######...#...#...#...#######..##
.....###'###'#######'## #..##
.###.##...#...#...#...# #..## .#
#..'...#...'2@.#...# #.... .#
#..#...#...#..2#...# #..## .#
#..##'#######'###### #..##
.###..#...#...#...#...# #....
......#.⌠.'...'...'...# ##.##
####.##...#...#...#...# #.#
#..######+#######'## #.# #:##
##...#.#####.# #.##
##.###.#.##.......# #...


You could see 2 friendly hell beasts.

Vanquished Creatures
  3 orbs of fire (Zot:5)
  2 dread liches
  3 ancient liches
  2 juggernauts
  7 Killer Klowns
  Saint Roka (Vaults:5)
  5 curse toes
  6 caustic shrikes
  Geryon (Hell)
  the Enchantress (Depths:2)
  12 golden dragons
  Nikola (Shoals:1)
  A profane servitor (Crypt:3)
  5 bone dragons
  5 electric golems
  4 hellephants
  Jorgrun (D:14)
  A walking crystal tome (Depths:3)
  23 tentacled monstrosities
  2 walking earthen tomes
  5 liches
  26 Orb Guardians
  A tainted leviathan (Hell)
  The ghost of Nulot the Acrobat, an adept SpEn of Dithmenos (Elf:2)
  4 deep elf master archers (Elf:3)
  8 death cobs
  A walking frostbound tome (Depths:3)
  A walking divine tome (Depths:3)
  7 titans
  2 deep elf blademasters (Elf:3)
  The ghost of 1Viktor the Severer, an adept DDFi of Makhleb (Spider:1)
  9 quicksilver dragons
  9 ancient champions
  An acid blob (Slime:1)
  2 krakens
  4 sphinxes
  8 tentacled starspawn
  11 tengu reavers
  7 shadow dragons
  7 storm dragons
  Kirke (D:13)
  8 draconian monks
  9 draconian knights
  2 revenants (Crypt:3)
  The ghost of Bankemomn the Destroyer, a journeyman NaIE of Cheibriados (D:15)
  5 emperor scorpions
  13 frost giants
  11 vault wardens
  6 deep elf sorcerers
  6 ghost moths
  2 iron dragons
  A caustic shrike zombie (Crypt:3)
  An orc warlord (Vaults:4)
  5 draconian scorchers
  Aizul (Shoals:1)
  11 fire giants
  An angel (D:1)
  4 cacodemons
  5 draconian shifters
  6 spriggan defenders
  4 ghouls
  A curse skull (Crypt:2)
  6 reapers
  3 draconian stormcallers
  24 ironbound preservers
  5 deep elf elementalists (Elf:3)
  7 draconian annihilators
  2 broodmothers
  19 very ugly things
  A war gargoyle (Vaults:3)
  2 ironbound thunderhulks
  19 stone giants
  5 putrid mouths (Hell)
  9 green draconians
  Azrael (D:12)
  5 deep elf annihilators
  4 deep elf demonologists
  6 vampire knights
  11 white draconians
  9 red draconians
  12 spark wasps
  A lorocyproca (Depths:1)
  14 purple draconians
  9 black draconians
  4 entropy weavers
  13 dire elephants
  6 eidola
  Nessos (D:13)
  16 yellow draconians
  The ghost of bgiannan the Apostle, a journeyman HOFi of Beogh (Lair:2)
  Snorg (D:12)
  4 blizzard demons
  The ghost of Jepp2078 the Fighter, a journeyman DjIE of Ashenzari (Lair:2)
  13 deep elf death magi
  10 jiangshi
  2 mummy priests (Crypt:3)
  4 fire dragons
  A crystal guardian (Vaults:4)
  18 ettins
  2 merfolk javelineers (Shoals:4)
  Josephine (D:10)
  5 merfolk impalers
  A spriggan zombie (Crypt:3)
  19 yaktaur captains
  6 deep elf high priests
  12 great orbs of eyes
  Fannar (Lair:1)
  7 rakshasas
  38 vault guards
  7 hydras
  4 jorogumos
  Erolcha (D:13)
  12 ice dragons
  A peacekeeper (Vaults:4)
  9 spriggan air magi
  3 merfolk avatars
  8 boulder beetles
  3 ogre magi
  7 ironbound frosthearts
  5 merfolk aquamancers
  An ice dragon (shapeshifter) (Elf:1)
  2 radroaches (Spider:3)
  18 centaur warriors
  3 catoblepae (Lair:6)
  9 tengu warriors
  13 dancing weapons
  The ghost of Bock the Unseen, a journeyman SpEn of Wu Jian (Lair:2)
  A death knight (Crypt:3)
  9 deep troll earth magi
  12 satyrs
  The ghost of Essalna the Fighter, a journeyman GrGl of Hepliaklqana (Lair:2)
  7 deep troll shamans
  19 death yaks
  18 two-headed ogres
  14 hell hogs
  11 soul eaters
  Urug (Orc:1)
  2 sun demons
  9 thrashing horrors (Abyss:3)
  6 spriggan berserkers
  8 vampire magi
  14 deep elf knights
  An orc high priest (Elf:3)
  9 spriggans
  53 hell knights
  6 pharaoh ants
  9 wretched stars
  Sonja (D:12)
  A storm dragon skeleton (Crypt:2)
  31 skeletal warriors
  A spatial maelstrom (Abyss:3)
  2 shadow wraiths (Crypt:3)
  2 flayed ghosts (Crypt:3)
  10 sea snakes
  96 deep trolls
  11 iron trolls
  An iron giant zombie (Crypt:1)
  13 orb spiders
  4 sixfirhies
  A sun moth (Spider:3)
  A glowing orange brain (shapeshifter) (Vaults:5)
  2 anaconda zombies
  5 steelbarb worms
  4 glowing orange brains
  A bog body (Crypt:1)
  2 spriggan simulacra (Crypt:3)
  An orange crystal statue (Elf:2)
  17 deep elf archers
  26 ironbound convokers
  5 lindwurms
  11 wizards
  A golden dragon skeleton (Crypt:3)
  15 necromancers
  12 phantasmal warriors
  An obsidian statue (Zot:5)
  A harpy (shapeshifter) (Vaults:5)
  3 orc knights
  3 anaconda skeletons
  25 deep elf zephyrmancers
  9 harpies
  31 deep elf pyromancers
  A lindwurm (shapeshifter) (Depths:4)
  22 fauns
  15 manticores
  A will-o-the-wisp (Abyss:3)
  31 wolf spiders
  7 orc sorcerers
  9 cyclopes
  45 ugly things
  2 worldbinders (Abyss:3)
  36 moths of wrath
  A shining eye (Slime:1)
  2 moths of wrath (shapeshifter)
  A sphinx skeleton (Crypt:2)
  An iron dragon skeleton (Abyss:3)
  2 ice statues (Hell)
  Maurice (D:10)
  9 black mambas
  A naga mage (Depths:1)
  A toenail golem (D:10)
  18 vault sentinels
  A titan simulacrum (Crypt:3)
  4 apocalypse crabs (Abyss:3)
  6 rust devils (Hell)
  19 elephants
  5 orange demons
  A black mamba (shapeshifter) (Vaults:5)
  A fire giant skeleton (Crypt:2)
  3 smoke demons
  An unseen horror (shapeshifter) (Vaults:5)
  4 merfolk sirens
  A gargoyle (D:6)
  8 torpor snails
  A cane toad (shapeshifter) (Depths:4)
  A dire elephant skeleton (Crypt:3)
  A white draconian zombie (Crypt:1)
  6 cane toads
  A storm dragon simulacrum (Crypt:3)
  2 rime drakes
  10 demonic crawlers
  2 sea snake zombies
  A komodo dragon (shapeshifter) (Vaults:5)
  9 freezing wraiths
  6 tengu conjurers
  3 efreet
  12 komodo dragons
  An unseen horror (Abyss:2)
  31 yaktaurs
  2 ice devils
  5 hellwings
  A tormentor (Hell)
  8 ancient zymes
  10 guardian mummies (Crypt:3)
  A troll (shapeshifter) (Depths:2)
  2 hydra zombies (Hell)
  7 trolls
  A sea snake skeleton (Hell)
  23 merfolk
  A queen bee (Abyss:3)
  14 meliai
  2 polar bears
  14 hornets
  A queen bee (shapeshifter) (Depths:2)
  Grinder (Sewer)
  33 slime creatures
  2 hydra skeletons
  47 tarantellas
  3 wind drakes
  32 raiju
  An ettin zombie (Crypt:2)
  7 snapping turtles
  19 blink frogs
  9 dream sheep
  39 jumping spiders
  An air elemental (Elf:3)
  A culicivora (shapeshifter) (D:14)
  6 ynoxinuls
  24 culicivoras
  9 water elementals
  17 wraiths
  A vampire (Abyss:3)
  Eustachio (D:4)
  3 fire bats (Elf:3)
  4 chaos spawn
  A tyrant leech zombie (Crypt:2)
  An ushabti (Crypt:3)
  4 wyverns
  4 hogs (D:13)
  3 basilisks
  3 neqoxecs
  72 yaks
  8 fire elementals
  2 vampire mosquitoes (D:12)
  A black mamba skeleton (Crypt:1)
  84 redbacks
  A sea snake simulacrum (Hell)
  A spatial vortex (Abyss:3)
  4 wargs
  A harpy simulacrum (Crypt:3)
  20 water moccasins
  An acid dragon (D:8)
  6 hell hounds
  A deep troll skeleton (Crypt:3)
  10 large abominations (Abyss:3)
  3 floating eyes
  4 black bears
  44 orc warriors
  An ice beast (shapeshifter) (Vaults:5)
  A hornet zombie (Crypt:3)
  An ice beast (D:7)
  4 necrophages
  21 ogres
  An ice dragon simulacrum (Crypt:3)
  17 wolves
  22 centaurs
  A rime drake zombie (Crypt:1)
  A boggart (D:15)
  A dream sheep skeleton (Crypt:2)
  A lindwurm skeleton (Crypt:3)
  5 phantoms
  5 kobold brigands
  A komodo dragon zombie (Crypt:2)
  Blork the orc (D:4)
  8 bullfrogs
  3 scorpions
  3 gnoll sergeants
  A water moccasin zombie (D:6)
  An earth elemental (Elf:1)
  A naga simulacrum (Crypt:3)
  A hornet simulacrum (D:14)
  A water moccasin skeleton (D:6)
  11 killer bees
  9 small abominations (Abyss:3)
  11 howler monkeys
  4 wights
  6 electric eels
  A bullfrog zombie (D:7)
  6 centaur zombies
  37 starcursed masses
  A lava snake (D:8)
  4 quasits
  23 orc priests
  3 centaur skeletons
  6 hounds
  7 jellies
  A bullfrog skeleton (D:6)
  A gnoll shaman (D:7)
  Ijyb (D:3)
  Jessica (D:2)
  Natasha (D:2)
  Terence (D:2)
  8 iguanas
  22 orc wizards
  A scorpion zombie (D:5)
  7 hell rats
  3 killer bee zombies
  A tengu skeleton (Crypt:1)
  3 naga skeletons
  7 mummies (Crypt:3)
  3 howler monkey zombies
  13 adders
  14 gnolls
  A howler monkey skeleton (D:6)
  2 shadow imps
  A swamp drake skeleton (Crypt:1)
  2 white imps (D:6)
  4 ufetubi
  A worm zombie (Crypt:3)
  A worm (D:2)
  3 dart slugs
  107 orcs
  4 ball pythons
  11 endoplasms
  2 giant cockroaches (D:1)
  4 goblins
  6 hobgoblins
  3 jackals (D:4)
  3 quokkas
  3 training dummies (Shoals:3)
  8 bats
  2 frilled lizards
  A giant cockroach zombie (Sewer)
  A gnoll skeleton (Crypt:3)
  42 kobolds
  A kobold skeleton (Crypt:1)
  A kobold zombie (Crypt:2)
  4 rats
  A rat skeleton (Crypt:2)
  A butterfly (Lair:5)
  3 fire vortices (Hell)
  6 fulminant prisms
  4 starspawn tentacles
  5 tentacles
2869 creatures vanquished.

Vanquished Creatures (collateral kills)
  A frost giant (Vaults:5)
  A fire giant (Vaults:5)
  An ironbound preserver (Vaults:3)
  A very ugly thing (Vaults:5)
  A dire elephant (Vaults:3)
  An ettin (Vaults:5)
  2 vault guards (Vaults:5)
  3 deep trolls
  A wizard (Vaults:4)
  An ugly thing (Vaults:4)
  6 yaktaurs
  An orc (Orc:2)
20 creatures vanquished.

Vanquished Creatures (others)
  A draconian stormcaller (Zot:1)
  A merfolk javelineer (Shoals:4)
  A vault guard (D:13)
  A merfolk aquamancer (Shoals:3)
  A deep elf knight (Elf:2)
  A wretched star (Abyss:3)
  A jumping spider (Spider:3)
  A water elemental (Shoals:3)
  An orc (Orc:2)
  2 foxfires (Abyss:3)
  1408 fulminant prisms
  35 fungi
  307 plants
  2 starspawn tentacles (Abyss:3)
  7 tentacles
  2 withered plants (Lair:2)
1772 creatures vanquished.

Grand Total: 4661 creatures vanquished

Notes
Turn   | Place    | Note
-------+----------+-------------------------------------------
     0 | D:1      | technosentience the Djinni Conjurer began the quest for the
                  | Orb.
     0 | D:1      | Reached XP level 1. HP: 15/15 MP: 0/0
   312 | D:1      | Reached XP level 2. HP: 18/22 MP: 0/0
   502 | D:1      | Reached skill level 1 in Fighting
   648 | D:1      | Reached XP level 3. HP: 18/27 MP: 0/0
   648 | D:1      | Learned a level 1 spell: Animate Skeleton
  1799 | D:2      | Noticed Terence
  1804 | D:2      | Killed Terence
  1805 | D:2      | Reached XP level 4. HP: 26/33 MP: 0/0
  2122 | D:2      | Reached XP level 5. HP: 27/38 MP: 0/0
  2122 | D:2      | Learned a level 2 spell: Poisonous Vapours
  2362 | D:2      | Noticed Natasha
  2366 | D:2      | Killed Natasha
  2468 | D:2      | Noticed Jessica
  2477 | D:2      | Killed Jessica
  2569 | D:2      | Found a faded altar of an unknown god.
  2924 | D:3      | Noticed Ijyb
  3060 | D:3      | Killed Ijyb
  3061 | D:3      | Reached XP level 6. HP: 38/45 MP: 0/0
  3183 | D:3      | Reached skill level 1 in Evocations
  3742 | D:4      | Noticed Eustachio
  3750 | D:4      | Killed Eustachio
  3751 | D:4      | Reached XP level 7. HP: 32/51 MP: 0/0
  3751 | D:4      | Learned a level 3 spell: Vampiric Draining
  4064 | D:4      | Noticed raistware's ghost (amateur HuCj)
  4065 | D:4      | Found a transporter.
  4124 | D:4      | Found a transporter.
  4212 | D:4      | Reached skill level 5 in Dodging
  4532 | D:4      | Noticed Blork the orc
  4537 | D:4      | Killed Blork the orc
  4538 | D:4      | Reached XP level 8. HP: 51/58 MP: 0/0
  5135 | D:5      | Entered Level 5 of the Dungeon
  5858 | D:5      | Reached skill level 1 in Armour
  6028 | D:5      | Reached skill level 5 in Spellcasting
  6217 | D:5      | Reached skill level 5 in Fighting
  6466 | D:5      | Reached XP level 9. HP: 49/65 MP: 0/0
  6466 | D:5      | Learned a level 3 spell: Frozen Ramparts
  7366 | D:6      | Found a staircase to the Ecumenical Temple.
  7377 | D:6      | Found a glowing drain.
  7386 | Sewer    | Entered a sewer
  7975 | Sewer    | Noticed Grinder
  7977 | Sewer    | Paralysed by Grinder for 3 turns
  7988 | Sewer    | Killed Grinder
  8172 | Sewer    | Identified the +1 helmet "Moel" {rC+ rCorr Slay+3}
  8225 | Temple   | Entered the Ecumenical Temple
  8705 | D:6      | Reached skill level 5 in Evocations
  9101 | D:6      | Noticed a troll
  9104 | D:6      | Reached XP level 10. HP: 67/72 MP: 0/0
  9575 | D:6      | Noticed a gargoyle
  9577 | D:6      | Noticed a two-headed ogre
  9769 | D:6      | Reached skill level 5 in Armour
  9819 | D:6      | Killed a gargoyle
 10603 | D:8      | Reached XP level 11. HP: 71/79 MP: 0/0
 10603 | D:8      | Learned a level 4 spell: Sticky Flame
 11372 | D:8      | You are sucked into a shaft and drop 1 floor!
 12001 | D:9      | Found a staircase to the Lair.
 12389 | D:10     | Entered Level 10 of the Dungeon
 12453 | D:10     | Found a broken altar of Ashenzari.
 12460 | D:10     | Became a worshipper of Ashenzari the Shackled
 12713 | D:10     | Noticed Josephine
 12730 | D:10     | Killed Josephine
 12975 | D:10     | Found Raynaism's Magic Scroll Emporium.
 12997 | D:10     | Found Vyrris's Assorted Antiques.
 13003 | D:10     | Bought a wand of paralysis (3) for 68 gold pieces
 13098 | D:10     | Noticed Maurice
 13113 | D:10     | Killed Maurice
 13114 | D:10     | Reached XP level 12. HP: 81/88 MP: 0/0
 13216 | D:10     | Found Xoinoirakae's Armour Shop.
 13274 | D:10     | Found Facidwoett's Magic Scroll Emporium.
 13279 | D:10     | Noticed a two-headed ogre
 13286 | D:10     | Killed a two-headed ogre
 13520 | Lair:1   | Entered Level 1 of the Lair of Beasts
 13582 | Lair:1   | Noticed a five-headed hydra
 13588 | Lair:1   | Killed a five-headed hydra
 13589 | Lair:1   | Reached skill level 10 in Dodging
 13672 | Lair:1   | Reached * piety under Ashenzari
 13806 | Lair:1   | Noticed Fannar
 13809 | Lair:1   | Noticed a five-headed hydra
 13816 | Lair:1   | Killed Fannar
 13817 | Lair:1   | Reached skill level 1 in Shields
 13822 | Lair:1   | Killed a five-headed hydra
 14170 | Lair:1   | Reached ** piety under Ashenzari
 14459 | Lair:2   | Found a runed translucent gate.
 14459 | Lair:2   | Found a runed translucent gate.
 14459 | Lair:2   | Found a runed translucent gate.
 14463 | Lair:2   | Noticed Bock's ghost (journeyman SpEn)
 14490 | Lair:2   | Noticed bgiannan's ghost (journeyman HOFi)
 14490 | Lair:2   | Noticed Essalna's ghost (journeyman GrGl)
 14491 | Lair:2   | Identified the amulet of Xonn {RegenMP rF+ Str+2}
 14491 | Lair:2   | Noticed Jepp2078's ghost (journeyman DjIE)
 14816 | Lair:2   | Reached *** piety under Ashenzari
 14911 | Lair:2   | Reached XP level 13. HP: 91/102 MP: 0/0
 14911 | Lair:2   | Learned a level 5 spell: Irradiate
 14927 | Lair:2   | Found a staircase to the Shoals.
 14971 | Lair:2   | Found a hole to the Spider Nest.
 15072 | Lair:2   | Reached skill level 1 in Staves
 15207 | Lair:2   | Noticed an eight-headed hydra
 15215 | Lair:2   | Killed an eight-headed hydra
 15747 | Lair:3   | Reached skill level 10 in Fighting
 15756 | Lair:3   | Noticed a four-headed hydra
 15765 | Lair:3   | Killed a four-headed hydra
 15849 | Lair:3   | Noticed a five-headed hydra
 15856 | Lair:3   | Killed a five-headed hydra
 16125 | Lair:3   | Identified the +6 whip of Valuable Assets {vorpal, rElec
                  | Dex+6}
 16469 | Lair:4   | Reached XP level 14. HP: 97/112 MP: 0/0
 16470 | Lair:4   | Reached skill level 5 in Shields
 16499 | Lair:4   | Reached **** piety under Ashenzari
 16769 | Lair:4   | Reached skill level 10 in Armour
 16907 | Lair:4   | Reached ***** piety under Ashenzari
 17549 | Lair:5   | Identified the +3 robe "Immikh" {rN+ Int+3 Dex+3}
 17611 | Lair:5   | Found a staircase to the Slime Pits.
 17651 | Lair:5   | Reached skill level 5 in Staves
 17965 | Lair:6   | Entered Level 6 of the Lair of Beasts
 18136 | Lair:6   | Reached XP level 15. HP: 120/124 MP: 0/0
 18136 | Lair:6   | Learned a level 6 spell: Simulacrum
 19270 | Lair:2   | Killed Bock's ghost
 19271 | Lair:2   | Killed bgiannan's ghost
 19275 | Lair:2   | Killed Jepp2078's ghost
 19280 | Lair:2   | Killed Essalna's ghost
 19458 | D:10     | Bought a scroll of summoning for 133 gold pieces
 20059 | D:11     | Reached skill level 10 in Spellcasting
 20270 | D:12     | Noticed Snorg
 20289 | D:12     | Killed Snorg
 20414 | D:12     | Found a staircase to the Orcish Mines.
 20481 | D:12     | Noticed Sonja
 20486 | D:12     | Killed Sonja
 20529 | D:12     | Noticed Azrael
 20535 | D:12     | Killed Azrael
 20536 | D:12     | Reached XP level 16. HP: 96/134 MP: 0/0
 21003 | Orc:1    | Entered Level 1 of the Orcish Mines
 21022 | Orc:1    | Noticed Urug
 21027 | Orc:1    | Killed Urug
 21154 | Orc:2    | Entered Level 2 of the Orcish Mines
 21886 | Orc:2    | Found a staircase to the Elven Halls.
 22027 | Orc:2    | Found Woysm's Book Boutique.
 22027 | Orc:2    | Found Lirriucoi's Book Emporium.
 22027 | Orc:2    | Found Caafeoroec's Antique Armour Shoppe.
 22030 | Orc:2    | Found Deghaik's Book Shop.
 22037 | Orc:2    | Bought a fading helmet for 218 gold pieces
 22037 | Orc:2    | Identified the +1 helmet of Elyvilon's Pride {Will- Int+4
                  | Slay+3} (You bought it in a shop on level 2 of the Orcish
                  | Mines)
 22593 | D:13     | Found a sparkling altar of Nemelex Xobeh.
 22660 | D:13     | Noticed Erolcha
 22665 | D:13     | Killed Erolcha
 22729 | D:13     | Found a gate to the Vaults.
 22913 | D:13     | Noticed Kirke
 22985 | D:13     | Killed Kirke
 23018 | D:13     | Noticed Nessos
 23034 | D:13     | Killed Nessos
 23186 | D:13     | Identified the +5 chain mail "Extaazot" {Regen+ Str+4}
 23270 | D:13     | Found Ocoell's Antique Armour Boutique.
 23371 | D:13     | Found Fash's Weapon Emporium.
 23703 | D:14     | Noticed Jorgrun
 23724 | D:14     | Killed Jorgrun
 23734 | D:14     | Reached XP level 17. HP: 141/141 MP: 0/0
 23734 | D:14     | Learned a level 6 spell: Dispersal
 24300 | D:15     | Entered Level 15 of the Dungeon
 24607 | D:15     | Found a staircase to the Depths.
 24611 | D:15     | Identified the ring of the Evening {Fire +Blink}
 24687 | D:15     | Found Gatt's General Store.
 24689 | D:15     | Found Widah's Jewellery Boutique.
 24694 | D:15     | Bought 2 potions of resistance for 300 gold pieces
 24694 | D:15     | Bought 25 sling bullets for 187 gold pieces
 24700 | D:15     | Bought a ring of willpower for 400 gold pieces
 24917 | D:15     | Found a runed translucent door.
 24918 | D:15     | Noticed Bankemomn's ghost (journeyman NaIE)
 24918 | D:15     | Identified the +5 trident of Past Mistakes {flame, Str+3}
 25208 | D:15     | Killed Bankemomn's ghost
 25428 | Spider:1 | Entered Level 1 of the Spider Nest
 26126 | Spider:1 | Found a runed translucent gate.
 26127 | Spider:1 | Found a runed translucent gate.
 26128 | Spider:1 | Found a runed translucent gate.
 26129 | Spider:1 | Identified a scroll of acquirement
 26129 | Spider:1 | Identified the +0 pair of boots of the Garden {rElec Dex+6}
 26129 | Spider:1 | Identified the +0 pair of boots of the Black Moon {rF+
                  | Int+2}
 26155 | Spider:1 | Noticed 1Viktor's ghost (adept DDFi)
 26335 | Spider:1 | Identified the +2 robe of Pier {rF++ Will-}
 26335 | Spider:1 | Identified the +5 hand crossbow of Sharkskin {freeze, rC+}
 26833 | Spider:1 | Killed 1Viktor's ghost
 26834 | Spider:1 | Reached skill level 15 in Dodging
 26904 | Spider:1 | Acquired the amulet of the Townfolk {Reflect Dex+2 SH+5}
 27388 | Spider:2 | Reached XP level 18. HP: 114/138 MP: 0/0
 27433 | Spider:2 | Reached skill level 10 in Shields
 28941 | Spider:4 | Entered Level 4 of the Spider Nest
 29552 | Spider:4 | Reached XP level 19. HP: 154/159 MP: 0/0
 29552 | Spider:4 | Learned a level 7 spell: Storm Form
 29774 | Spider:4 | Gained mutation: You are occasionally teleported next to
                  | monsters. [mutagenic glow]
 29815 | Spider:4 | Got a gossamer rune of Zot
 30089 | Shoals:1 | Entered Level 1 of the Shoals
 30090 | Shoals:1 | Gained mutation: You are clumsy. (Dex -2) [potion of
                  | mutation]
 30090 | Shoals:1 | Gained mutation: Your body sometimes deteriorates upon
                  | taking damage. [potion of mutation]
 30091 | Shoals:1 | Lost mutation: Your body sometimes deteriorates upon taking
                  | damage. [potion of mutation]
 30091 | Shoals:1 | Lost mutation: You are clumsy. (Dex -2) [potion of
                  | mutation]
 30091 | Shoals:1 | Gained mutation: You are sometimes teleported next to
                  | monsters. [potion of mutation]
 30091 | Shoals:1 | Gained mutation: You are covered in fur. (AC +1) [potion of
                  | mutation]
 30092 | Shoals:1 | Lost mutation: You are covered in fur. (AC +1) [potion of
                  | mutation]
 30092 | Shoals:1 | Lost mutation: You are sometimes teleported next to
                  | monsters. [potion of mutation]
 30092 | Shoals:1 | Lost mutation: You are occasionally teleported next to
                  | monsters. [potion of mutation]
 30092 | Shoals:1 | Gained mutation: You are strong-willed. (Will+) [potion of
                  | mutation]
 30092 | Shoals:1 | Gained mutation: Your spells are a little harder to cast,
                  | but a little more powerful. [potion of mutation]
 30092 | Shoals:1 | Gained mutation: Your body sometimes deteriorates upon
                  | taking damage. [potion of mutation]
 30092 | Shoals:1 | Gained mutation: You have hidden genetic potential. [potion
                  | of mutation]
 30102 | Shoals:1 | Noticed Aizul
 30116 | Shoals:1 | Killed Aizul
 30132 | Shoals:1 | Noticed Nikola
 30187 | Shoals:1 | Killed Nikola
 30243 | Shoals:1 | Identified the cursed scarf of the Ensconced Oracle {rC+
                  | rF+, Evo, Self} (You found it on level 9 of the Dungeon)
 30243 | Shoals:1 | Identified the cursed +0 pair of gloves "Tethered With Me"
                  | {Melee, Cun} (You found it on level 7 of the Dungeon)
 30243 | Shoals:1 | Identified the cursed +2 buckler of Panopticon {Self,
                  | Range} (You found it on level 8 of the Dungeon)
 31811 | Shoals:2 | Identified the +7 hand axe "Hoankaf" {freeze, Fragile Will+
                  | Int+8 Dex-2}
 32120 | Shoals:3 | Reached skill level 15 in Fighting
 32679 | Shoals:3 | Found Non Ewno's Firing Range.
 32966 | Shoals:4 | Entered Level 4 of the Shoals
 33184 | Shoals:4 | Reached XP level 20. HP: 154/170 MP: 0/0
 33726 | Shoals:4 | Identified Ufafeilu's Catalogue of Ashen Translocation
 33757 | Shoals:4 | Gained mutation: You passively dampen the noise of your
                  | surroundings. [hidden potential]
 33901 | Shoals:4 | Got a barnacled rune of Zot
 33939 | Shoals:4 | Identified Derosmel's Guide on Combat Magic
 33953 | Shoals:4 | Identified the +6 scale mail of an ossuary {+Inv Int+3}
 34543 | Elf:1    | Entered Level 1 of the Elven Halls
 34551 | Elf:1    | Reached skill level 15 in Armour
 34625 | Elf:1    | Noticed an Ice Fiend
 34878 | Elf:1    | Noticed a Hell Sentinel
 36186 | Elf:2    | Found a runed translucent door.
 36188 | Elf:2    | Noticed Nulot's ghost (adept SpEn)
 36244 | Elf:2    | Killed Nulot's ghost
 36357 | Elf:2    | Reached XP level 21. HP: 157/178 MP: 0/0
 36357 | Elf:2    | Learned a level 7 spell: Orb of Destruction
 36515 | Elf:2    | Found a huge runed translucent gate.
 36515 | Elf:2    | Found a huge runed translucent gate.
 36516 | Elf:2    | Found a huge runed translucent gate.
 36516 | Elf:2    | Found a huge runed translucent gate.
 36516 | Elf:2    | Found a huge runed translucent gate.
 36634 | Elf:3    | Entered Level 3 of the Elven Halls
 36662 | Elf:3    | Found Bodyvuul's Assorted Antiques.
 36680 | Elf:3    | Found Buniont's General Store.
 36702 | Elf:3    | Found Ikodairph's Weapon Shop.
 36716 | Elf:3    | Found Vehiqoh's Magic Scroll Shop.
 36727 | Elf:3    | Bought a scroll of teleportation for 45 gold pieces
 36727 | Elf:3    | Bought a scroll of blinking for 112 gold pieces
 36727 | Elf:3    | Bought a scroll of teleportation for 45 gold pieces
 36851 | Elf:3    | Found Fiagori's Elven Fire.
 36877 | Elf:3    | Found Hisek's Book Shoppe.
 37016 | Elf:3    | Identified the +6 leather armour of Poor Excuses {+Inv}
 37256 | Elf:3    | Bought a potion of heal wounds for 210 gold pieces
 37288 | Elf:3    | Bought 3 potions of mutation for 1008 gold pieces
 37606 | Elf:3    | Gained mutation: You are agile. (Dex +2) [hidden potential]
 37606 | Elf:3    | Lost mutation: You have hidden genetic potential. [hidden
                  | potential expressed]
 37781 | Elf:3    | Identified the ring "Futuolopt" {Will+ MP-9 Str+6 SInv}
 37782 | Elf:3    | Found the +7 mace of Variability {chain chaos}
 37795 | Elf:3    | Identified the +4 halberd "Juadd" {drain, rElec}
 37796 | Elf:3    | Identified the ring of Harmony {Fire Stlth+}
 37796 | Elf:3    | Found the +14 obsidian axe {vorpal, Mesm Drain Fly SInv}
 37835 | Elf:3    | Identified the +0 robe "Locix" {Harm}
 37945 | Elf:3    | Identified the +1 hand crossbow of Wounding {venom, Stlth+}
 37958 | Elf:3    | Found the +18 shield of the Gong {rElec rN+ Will+ EV-5}
 37983 | Elf:3    | Reached ****** piety under Ashenzari
 38501 | Vaults:1 | Entered Level 1 of the Vaults
 38750 | Vaults:1 | Reached XP level 22. HP: 102/185 MP: 0/0
 39713 | Vaults:1 | Found a portal to a secret trove of treasure.
 40005 | Vaults:2 | Reached skill level 1 in Axes
 40135 | Vaults:2 | Found a staircase to the Crypt.
 40654 | Vaults:2 | Reached skill level 5 in Axes
 41442 | Vaults:3 | Identified the +3 leather armour of Aceyhu {+Blink rF+
                  | Regen+}
 41460 | Vaults:3 | Reached XP level 23. HP: 143/195 MP: 0/0
 41460 | Vaults:3 | Learned a level 8 spell: Infestation
 42412 | Vaults:3 | Noticed an ancient lich
 42423 | Vaults:3 | Killed an ancient lich
 44318 | Vaults:5 | Entered Level 5 of the Vaults
 44323 | Vaults:5 | Noticed a dread lich
 44326 | Vaults:5 | Killed a dread lich
 44331 | Vaults:5 | Reached XP level 24. HP: 143/204 MP: 0/0
 44332 | Vaults:5 | Identified the +0 crystal plate armour "Zimuph" {rPois
                  | Dex+3}
 44333 | Vaults:5 | Identified the +7 hunting sling "Jawa" {vorpal, rCorr
                  | Int+5}
 44382 | Vaults:5 | Reached skill level 15 in Spellcasting
 44493 | Vaults:5 | Identified the +9 short sword of Nealoch {vorpal, Will+
                  | Str+4 Dex+4}
 44493 | Vaults:5 | Identified the ring "Rigeekk" {Contam Fly rN++ MP+9}
 44604 | Vaults:5 | Identified the amulet "Wavaxy" {Faith Harm +Blink Stlth+}
 44647 | Vaults:5 | Noticed a golden dragon
 44899 | Vaults:5 | Noticed Saint Roka
 44905 | Vaults:5 | Killed Saint Roka
 44907 | Vaults:5 | Identified the +8 spear "Caack" {elec, Dex+4}
 44925 | Vaults:5 | Reached skill level 10 in Axes
 45499 | Vaults:5 | Identified the +7 chain mail of Disappointment {*Slow
                  | Str+5}
 45595 | Vaults:5 | Got a silver rune of Zot
 46245 | Vaults:5 | Killed a golden dragon
 46685 | Crypt:1  | Entered Level 1 of the Crypt
 46743 | Crypt:1  | Reached XP level 25. HP: 196/214 MP: 0/0
 46743 | Crypt:1  | Learned a level 9 spell: Death's Door
 47643 | Crypt:2  | Found a basalt altar of Yredelemnul.
 48509 | Crypt:3  | Entered Level 3 of the Crypt
 49377 | Crypt:3  | Found a staircase to the Tomb.
 49972 | Crypt:3  | Reached skill level 10 in Evocations
 50109 | Crypt:3  | Found a basalt altar of Yredelemnul.
 50800 | Slime:1  | Entered Level 1 of the Pits of Slime
 50972 | Slime:1  | Gained mutation: You sometimes lose the ability to read
                  | scrolls when taking damage. [a shining eye]
 51008 | Lair:5   | Lost mutation: You sometimes lose the ability to read
                  | scrolls when taking damage. [potion of mutation]
 51265 | Depths:1 | Entered Level 1 of the Depths
 51265 | Depths:1 | Identified the +1 robe of Calculation {Harm Int+8 Dex-5}
 51265 | Depths:1 | Identified the +3 hat of Obbobe {rC+}
 51267 | Depths:1 | Identified the +1 robe of Tenacity {Dex+4}
 51271 | Depths:1 | Found a gateway to Hell.
 51325 | Depths:1 | Noticed a juggernaut
 51335 | Depths:1 | Noticed a caustic shrike
 51350 | Depths:1 | Killed a caustic shrike
 51353 | Depths:1 | Killed a juggernaut
 51354 | Depths:1 | Reached XP level 26. HP: 151/221 MP: 0/0
 51367 | Depths:1 | Found the +3 hat of Pondering {ponderous, Will+ MP+10
                  | Int+5}
 51368 | Depths:1 | Reached skill level 15 in Shields
 51835 | Depths:1 | Found a one-way gate leading to the halls of Pandemonium.
 52221 | Depths:1 | Identified the +1 robe of Gluttony {rC- Dex+4 Slay+2 SInv}
 52241 | Depths:1 | Found the +0 mask of the Dragon {Will+ Slay+3 SInv}
 52242 | Depths:1 | Identified the +0 robe of Watchfulness {rF- Will+ Dex+6}
 52341 | Depths:2 | Noticed the Enchantress
 52444 | Depths:2 | Killed the Enchantress
 52450 | Depths:2 | Found an iron altar of Okawaru.
 52496 | Depths:2 | Identified the +7 lajatang "Xaboawne" {pain, Fly rPois}
 53345 | Depths:1 | Gained mutation: You are weak. (Str -2) [mutagenic glow]
 53850 | Depths:2 | Found a one-way gate to the infinite horrors of the Abyss.
 53932 | Depths:2 | Found a one-way gateway to a ziggurat.
 54180 | Depths:3 | Reached XP level 27. HP: 201/228 MP: 0/0
 54180 | Depths:3 | Learned a level 9 spell: Polar Vortex
 54186 | Depths:3 | Reached skill level 1 in Maces & Flails
 55043 | Depths:3 | Noticed a juggernaut
 55056 | Depths:3 | Killed a juggernaut
 55602 | Depths:3 | Upgraded the game from 0.28-a0-1406-ga8dd43b1d0 to
                  | 0.28-a0-1412-gf95308ed99
 55664 | Depths:4 | Entered Level 4 of the Depths
 56922 | Depths:4 | Found a gate to the Realm of Zot.
 57415 | Hell     | Entered the Vestibule of Hell
 57415 | Hell     | Noticed Geryon
 57423 | Hell     | Killed Geryon
 57669 | Hell     | Acquired the amulet "Quojuekh" {Reflect +Blink Will++
                  | Slay+3 SH+5 Stlth-}
 57841 | Hell     | Found a gateway to the Iron City of Dis.
 58128 | Hell     | Found a gateway to the freezing wastes of Cocytus.
 58272 | Hell     | Found a gateway to the decaying netherworld of Tartarus.
 58340 | Hell     | Found a gateway to the ashen valley of Gehenna.
 58559 | Depths:3 | Voluntarily entered the Abyss.
 58568 | Abyss:2  | Found a corrupted altar of Lugonu.
 58654 | Abyss:2  | Found a corrupted altar of Lugonu.
 58722 | Abyss:2  | Found a corrupted altar of Lugonu.
 59202 | Abyss:3  | Gained mutation: You are dopey. (Int -2) [a cacodemon]
 59469 | Abyss:3  | Identified the +11 chain mail "Sifisimn" {Str+2}
 59934 | Abyss:3  | Found a corrupted altar of Lugonu.
 59953 | Abyss:3  | Found a corrupted altar of Lugonu.
 60078 | Abyss:3  | Got an abyssal rune of Zot
 60284 | Depths:3 | Escaped the Abyss
 60413 | Zot:1    | Entered Level 1 of the Realm of Zot
 60737 | Vaults:1 | You paid a toll of +2 gold dragon scales to enter a
                  | treasure trove
 60738 | Trove    | Entered a treasure trove
 60740 | Trove    | Identified the +11 whip of Instinct {antimagic, rC+}
 60740 | Trove    | Identified the +6 hunting sling of Prudence {speed, Fragile
                  | rElec rPois rC++}
 60740 | Trove    | Identified the +7 war axe of Nightmares {vorpal, Int+3}
 60742 | Trove    | Identified the +7 lajatang "Zaisk" {speed, *Slow Int+5}
 60742 | Trove    | Identified the +4 broad axe "Fogrehyb" {vorpal, rF+ rCorr
                  | Int+3 Stlth+}
 60742 | Trove    | Identified the +11 lajatang "Evoduat" {vorpal, rC+ Stlth+}
 60742 | Trove    | Identified the +3 triple sword of Zin's Righteous Anger
                  | {vorpal, rPois rN+ MP-9 Str+4}
 61746 | Zot:1    | Identified the +0 scale mail of Lifelessness {rElec rC+
                  | SInv}
 62528 | Zot:2    | Noticed a Killer Klown
 62551 | Zot:2    | Killed a Killer Klown
 62552 | Zot:2    | Reached skill level 15 in Evocations
 67769 | Zot:5    | Entered Level 5 of the Realm of Zot
 68271 | Zot:5    | Noticed a Killer Klown
 68271 | Zot:5    | Noticed a Killer Klown
 68272 | Zot:5    | Noticed a Killer Klown
 68307 | Zot:5    | Killed a Killer Klown
 68311 | Zot:5    | Killed a Killer Klown
 68314 | Zot:5    | Killed a Killer Klown
 68583 | Zot:5    | Noticed an orb of fire
 68586 | Zot:5    | Noticed a Killer Klown
 68588 | Zot:5    | Killed an orb of fire
 68639 | Zot:5    | Noticed a Killer Klown
 68680 | Zot:5    | Killed a Killer Klown
 69075 | Zot:5    | Noticed a Killer Klown
 69115 | Zot:5    | Killed a Killer Klown
 69422 | Zot:5    | Noticed an ancient lich
 69426 | Zot:5    | Killed an ancient lich
 69760 | Zot:5    | Noticed an orb of fire
 69764 | Zot:5    | Killed an orb of fire
 69815 | Zot:5    | Noticed an orb of fire
 69819 | Zot:5    | Lost mutation: Your spells are a little harder to cast, but
                  | a little more powerful. [an orb of fire]
 69820 | Zot:5    | Gained mutation: You do not regenerate when monsters are
                  | visible. [an orb of fire]
 69820 | Zot:5    | Killed an orb of fire
 69862 | Zot:5    | Lost mutation: You are agile. (Dex +2) [potion of mutation]
 69862 | Zot:5    | Lost mutation: You are strong-willed. (Will+) [potion of
                  | mutation]
 69862 | Zot:5    | Gained mutation: You are clumsy. (Dex -2) [potion of
                  | mutation]
 69862 | Zot:5    | Gained mutation: You have hidden genetic defects. [potion
                  | of mutation]
 69862 | Zot:5    | Gained mutation: You sometimes lose the ability to read
                  | scrolls when taking damage. [potion of mutation]
 69862 | Zot:5    | Lost mutation: You have hidden genetic defects. [potion of
                  | mutation]
 69863 | Zot:5    | Lost mutation: You sometimes lose the ability to read
                  | scrolls when taking damage. [potion of mutation]
 69863 | Zot:5    | Lost mutation: Your body sometimes deteriorates upon taking
                  | damage. [potion of mutation]
 69863 | Zot:5    | Lost mutation: You are clumsy. (Dex -2) [potion of
                  | mutation]
 69863 | Zot:5    | Lost mutation: You are dopey. (Int -2) [potion of mutation]
 69863 | Zot:5    | Gained mutation: You have a pair of small horns on your
                  | head. [potion of mutation]
 69864 | Zot:5    | Lost mutation: You have a pair of small horns on your head.
                  | [potion of mutation]
 69864 | Zot:5    | Lost mutation: You are weak. (Str -2) [potion of mutation]
 69864 | Zot:5    | Gained mutation: You are partially covered in iridescent
                  | scales. (AC +2) [potion of mutation]
 69865 | Zot:5    | Lost mutation: You are partially covered in iridescent
                  | scales. (AC +2) [potion of mutation]
 69865 | Zot:5    | Lost mutation: You do not regenerate when monsters are
                  | visible. [potion of mutation]
 70469 | Zot:5    | Killed a Killer Klown
 70473 | Zot:5    | Noticed an ancient lich
 70477 | Zot:5    | Killed an ancient lich
 70515 | Zot:5    | Noticed a dread lich
 70519 | Zot:5    | Killed a dread lich
 70593 | Zot:5    | Got the Orb of Zot
 70609 | Zot:5    | Noticed Doanwiu the pandemonium lord
 70748 | Zot:1    | Noticed Hischauf the pandemonium lord
 71125 | D:2      | Noticed Qoebrud the pandemonium lord
 71211 | D:$      | Escaped with the Orb!

Illustrated notes

Levels and vault maps discovered:
D:1:      co_arrival_random_square_maze, layout_loops_ring,
          hangedman_decor_points
D:2:      layout_loops_ring, hellmonk_ecumenical_altar_heavens_door,
          uniq_jessica, uniq_natasha, uniq_terence
D:3:      layout_rooms, kennysheep_decorative_pillar, uniq_ijyb
D:4:      layout_basic, gammafunk_ghost_smash, grunt_ministairs_10,
          lexackson_kobold_supper, uniq_blork_the_orc, uniq_eustachio
D:5:      layout_loops_ring
D:6:      cheibrodos_fzero, layout_basic, minmay_temple_entry_junction_2,
          serial_curves, eino_curves_01, eino_curves_02, portal_sewer_entry_d,
          nzn_random_ring
D:7:      layout_gridville
D:8:      layout_loops_ring, kennysheep_another_room, st_stairs_1
D:9:      layout_irregular_city, grunt_lair_entry_orc_guard_hut,
          grunt_ogre_cave, chequers_serial_rivers_room_b
D:10:     layout_loops_corners, nicolae_overflow_crystal_walls, serial_shops,
          shop_fountains, nicolae_diamond_shop, shop, kennysheep_mini,
          uniq_maurice, uniq_josephine
D:11:     minmay_curly_fans, layout_basic, nicolae_lava_and_water
D:12:     layout_gridville, orc_0_dummy, uniq_sonja, uniq_snorg, uniq_azrael
D:13:     layout_roguey, lightli_vaults_fourway_checkpoint, serial_shops, shop,
          kennysheep_little_box, nemelex_spade_bored_becter, uniq_erolcha,
          uniq_kirke, uniq_nessos
D:14:     layout_loops_cross, hangedman_abyss_or_decor_passed,
          nicolae_two_hexagons, uniq_jorgrun
D:15:     hangedman_depths_entry_civil_slaughter, layout_layer_cave,
          ebering_ghost_funeral_grove, serial_shops, shop, nicolae_shop_trees,
          fountainhead
Temple:   kilobyte_greek_temple
Lair:1:   layout_cave_shapes, serial_bayou_shore_b, grunt_megastairs_4,
          uniq_fannar
Lair:2:   layout_cave_pods, minmay_shoals_entry_hut,
          nicolae_spider_entry_tight_spaces, gammafunk_ghost_cemetery,
          lemuel_fruit_tree
Lair:3:   layout_gridlike
Lair:4:   beast_lair_carwin_large_3, layout_small_grid, grunt_megastairs_5
Lair:5:   layout_roguey, minmay_slime_entry_pillars, lemuel_fruit_fields,
          grunt_megastairs_2
Lair:6:   evilmike_catoblepas_cave, layout_cave_pods
Shoals:1: layout_shoals, uniq_aizul, uniq_nikola
Shoals:2: layout_shoals
Shoals:3: layout_shoals, nicolae_shop_firing_range
Shoals:4: shoals_end_grunt_garden, layout_shoals
Spider:1: layout_chambers, gammafunk_ghost_tricky_traps, nicolae_spider_nook
Spider:2: layout_cave_pods
Spider:3: layout_spider_delve, guppyfry_spider_mini_3
Spider:4: spider_rune_water
Slime:1:  layout_caves, cheibrodos_slime_lost_civilization_6
Slime:2:  layout_caves
Orc:1:    layout_diamond_mine, basic_altar, uniq_urug
Orc:2:    st_orc_rangers, layout_caves, nicolae_orc_rich_vein
Elf:1:    elf_arrival_002, layout_loops_cross, kennysheep_underground_church,
          minmay_fountain_box, nicolae_elf_glass_and_crystal_pillar_1,
          palyth_stone_intersect
Elf:2:    elven_hall_of_blades_hangedman_alternative
          [nicolae_blade_entry_pointy_end], layout_geoelf_octagon,
          ebering_ghost_inner_flame, grunt_ministairs_15, minivault_15
Elf:3:    minmay_elf_hall_circle, layout_geoelf_castle, serial_shops, shop,
          nicolae_shop_waterfront, shop_fountains,
          nicolae_shop_competitors_out_of_business, shop, guppyfry_elf_lava
Vaults:1: vaults_mumra_hex, v_alt_pattern_6, nicolae_vaults_mini_display_case,
          v_misc_11, v_misc_14, nicolae_vaults_border_crossing, v_misc_2,
          v_alt_pattern_1, grunt_vaults_bifocal, ontoclasm_vaults_gateway,
          layout_vaults_big_room, enter_trove_5
Vaults:2: v_misc_14, v_misc_2, grunt_vaults_hallway_short,
          minmay_crypt_entry_simple_sparse, vaults_room_ringed_pool,
          hangedman_vaults_slice, layout_vaults_omnigrid
Vaults:3: nicolae_vaults_hallways_thing, v_misc_26, grunt_vaults_trifunnel,
          vaults_room_fancy_cross, v_alt_pattern_4, hangedman_vaults_stagger,
          ontoclasm_vaults_echo, nicolae_vaults_what_the_h,
          hangedman_vaults_variations, layout_vaults_maze, serial_glass
Vaults:4: vaults_room_fours, vaults_mumra_chevron_long, v_misc_26,
          hangedman_vaults_pinch, nicolae_vaults_fighting_squares, v_misc_17,
          ontoclasm_vaults_idyll, vaults_mumra_hexcomb,
          nicolae_vaults_little_ls, ontoclasm_vaults_eye, v_misc_18, v_misc_22,
          vaults_dpeg_hooks, layout_vaults_omnicross
Vaults:5: uniq_saint_roka
Crypt:1:  layout_gridlike, grunt_crypt_arrival_webbed
Crypt:2:  layout_regular_city, serial_glass, glass_columns_c, glass_columns_a,
          item_on_display_a, feat_on_display, feat_on_display,
          item_on_display_a, basic_altar, lemuel_upstairs_altar
Crypt:3:  lightli_unholy_cathedral, layout_chaotic_city,
          nicolae_tomb_entry_grand_gallery
Depths:1: minmay_the_grid_plus_closed [minmay_the_grid_plusring,
          minmay_the_grid_fan, minmay_the_grid_eight, minmay_the_grid_doors,
          minmay_the_grid_prize_four_corners], layout_honeycomb,
          grunt_pan_entry_in_and_out, hangedman_decor_clover_reticule,
          hell_entry, grunt_tower_of_power
Depths:2: grunt_crosshair, layout_cave_pools, enter_ziggurat_f,
          abyss_entry_crystal, hangedman_abyss_or_decor_slice, hell_entry,
          rand_demon_pan_entry_7, grunt_ministairs_2, okawaru_gym_becter,
          uniq_enchantress
Depths:3: minmay_broken_ring, layout_honeycomb, rand_demon_pan_entry_5,
          serial_bayou_pond_e, abyss_entry, hell_entry,
          kennysheep_generic_room_5, infiniplex_staircase_star
Depths:4: evilmike_zot_entry_hall, layout_gridville, pan_entry,
          nicolae_benzene_ring, grunt_hell_horde
Hell
Zot:1:    kennysheep_six_static_rooms, layout_twisted_circle
Zot:2:    lemuel_halls_of_wrath, layout_gridville
Zot:3:    layout_basic, grunt_ministairs_5, grunt_megastairs_1
Zot:4:    kennysheep_ambush_hall, layout_basic
Zot:5:    layout_cathedral_of_symmetry, drop_trap

Skill      XL: |  1  2  3  4  5  6  7  8  9 10 11 12 13 14 15 16 17 18 19 20 21 22 23 24 25 26 27 |
---------------+----------------------------------------------------------------------------------+-----
Fighting       | 1 2 3 4 5 6 7 8 9 10 11 12 13 14 15 16 17 18 19 20 24 | 24.3
Dodging        | 3 4 5 6 7 8 9 10 11 12 13 14 15 16 17 18 19 24 | 24.2
Spellcasting   | 4 5 6 7 8 9 10 11 12 13 14 15 16 19 | 19.6
Evocations     | 2 3 5 6 7 9 10 11 17 | 17.8
Armour         | 2 4 5 7 8 9 10 11 12 13 14 15 16 17 18 | 18.3
Shields        | 2 4 6 8 9 10 11 13 14 15 16 | 16.4
Staves         | 3 5 6 7 8 9 |  9.7
Axes           | 6 9 11 | 11.4
Maces & Flails | 4 |  4.0
Stealth        | |  1.5

Action                   |  1- 3 |  4- 6 |  7- 9 | 10-12 | 13-15 | 16-18 | 19-21 | 22-24 | 25-27 || total
-------------------------+-------+-------+-------+-------+-------+-------+-------+-------+-------++-------
Melee: Staff             |       |       |       |       |       |     1 |     7 |       |     6 ||    14
       Unarmed           |       |       |       |       |       |       |     3 |       |       ||     3
       Broad axe         |       |       |       |       |       |       |       |     1 |       ||     1
 Cast: Magic Dart        |    50 |    31 |    97 |   146 |   123 |    75 |     8 |       |     1 ||   531
       Searing Ray       |    13 |    25 |    44 |    84 |    53 |    83 |    75 |     3 |       ||   380
       Animate Skeleton  |     1 |       |       |     2 |       |       |       |       |       ||     3
       Poisonous Vapours |       |     5 |     5 |       |       |       |       |       |       ||    10
       Vampiric Draining |       |       |    39 |   126 |   168 |   238 |   107 |    36 |    58 ||   772
       Frozen Ramparts   |       |       |     4 |    19 |    34 |    47 |    28 |    17 |    12 ||   161
       Fulminant Prism   |       |       |       |    48 |   135 |   289 |   310 |   205 |   432 ||  1419
       Iskenderun's Myst |       |       |       |     2 |    16 |    27 |    78 |    56 |   251 ||   430
       Sticky Flame      |       |       |       |     3 |       |     4 |     7 |       |     1 ||    15
       Dazzling Flash    |       |       |       |       |     3 |    10 |       |       |       ||    13
       Irradiate         |       |       |       |       |     9 |    40 |    28 |     6 |    69 ||   152
       Simulacrum        |       |       |       |       |     4 |     4 |       |       |       ||     8
       Dispersal         |       |       |       |       |       |     2 |     2 |     1 |       ||     5
       Storm Form        |       |       |       |       |       |       |     1 |       |       ||     1
       Orb of Destructio |       |       |       |       |       |       |    34 |   376 |  1025 ||  1435
       Infestation       |       |       |       |       |       |       |       |     7 |     3 ||    10
       Polar Vortex      |       |       |       |       |       |       |       |       |    10 ||    10
Invok: Curse Item        |       |       |       |     4 |     3 |     2 |     2 |     2 |     1 ||    14
       Shatter the Chain |       |       |       |       |       |     2 |     2 |     1 |     1 ||     6
 Abil: Evoke Blink       |       |       |       |       |       |       |       |       |     1 ||     1
Evoke: Wand              |       |       |       |     2 |       |       |     1 |       |     2 ||     5
       Phial of floods   |       |       |       |     1 |       |       |       |       |     2 ||     3
       Box of beasts     |       |       |       |       |       |       |       |     1 |     1 ||     2
       Tin of tremorston |       |       |       |       |       |       |       |     1 |     1 ||     2
       Condenser vane    |       |       |       |       |       |       |       |     1 |       ||     1
       Horn of Geryon    |       |       |       |       |       |       |       |       |     1 ||     1
  Use: Scroll            |       |       |     2 |     2 |     3 |     4 |     4 |     3 |    12 ||    30
       Potion            |       |       |       |       |       |       |     6 |     2 |    16 ||    24
Armor: Robe              |     1 |     1 |    16 |     2 |       |       |       |       |       ||    20
       Leather armour    |       |       |     2 |       |       |       |       |       |       ||     2
       Troll leather arm |       |       |       |    81 |   100 |    47 |       |       |       ||   228
       Chain mail        |       |       |       |       |       |   219 |   106 |    11 |    96 ||   432
       Skin              |       |       |       |       |       |       |     2 |       |       ||     2
Dodge: Dodged            |     1 |     7 |    75 |   174 |   193 |   304 |   123 |    13 |   137 ||  1027
Block: Buckler           |       |       |       |     4 |    94 |   275 |   227 |       |       ||   600
       Reflection        |       |       |       |       |       |       |   102 |    87 |    55 ||   244
       Kite shield       |       |       |       |       |       |       |    18 |   209 |   536 ||   763

Table legend: (Time is in decaauts)
 A = Elapsed time spent in this place.
 B = Non-inter-level travel time spent in this place.
 C = Inter-level travel time spent in this place.
 D = Time resting spent in this place.
 E = Time spent auto-exploring this place.
 F = Levels seen in this place.
 G = Mean time per level.
                   A        B        C        D        E       F      G
               +--------+--------+--------+--------+--------+-----+--------+
         Total |  71286 |  63566 |   7720 |   7850 |  39866 |  60 | 1188.1 |
       Dungeon |  18295 |  16246 |   2049 |    875 |  12699 |  15 | 1219.7 |
        Temple |    171 |    164 |      7 |      0 |    159 |   1 |  171.0 |
          Lair |   6178 |   5425 |    753 |    347 |   3798 |   6 | 1029.7 |
        Shoals |   4227 |   4005 |    222 |    511 |   2561 |   4 | 1056.8 |
   Spider Nest |   4648 |   4324 |    324 |    590 |   2504 |   4 | 1162.0 |
    Slime Pits |    207 |    187 |     20 |     17 |    117 |   2 |  103.5 |
  Orcish Mines |   1876 |   1677 |    199 |    648 |    596 |   2 |  938.0 |
   Elven Halls |   3576 |   3077 |    499 |    206 |   1909 |   3 | 1192.0 |
        Vaults |   8542 |   7950 |    592 |    698 |   4994 |   5 | 1708.4 |
         Crypt |   3831 |   3522 |    309 |    167 |   2437 |   3 | 1277.0 |
        Depths |   7317 |   5883 |   1434 |   1162 |   3159 |   4 | 1829.2 |
          Hell |    839 |    809 |     30 |     47 |    498 |   1 |  839.0 |
           Zot |   8994 |   7715 |   1279 |   2007 |   3439 |   5 | 1798.8 |
         Abyss |   1724 |   1724 |      0 |    427 |    475 |   3 |  574.7 |
         Trove |     41 |     41 |      0 |      0 |      4 |   1 |   41.0 |
         Sewer |    813 |    813 |      0 |    148 |    517 |   1 |  813.0 |
               +--------+--------+--------+--------+--------+-----+--------+

Top non-repeatable levels by time:
Depths:4: 2585 daAuts
   Zot:5: 2356 daAuts
     D:4: 2295 daAuts
Vaults:5: 2218 daAuts
   Zot:3: 2074 daAuts
Depths:1: 1944 daAuts
 Crypt:3: 1913 daAuts
   Zot:2: 1893 daAuts
Depths:3: 1766 daAuts
Vaults:1: 1746 daAuts
   Elf:3: 1680 daAuts
     D:1: 1675 daAuts
Spider:1: 1672 daAuts
Vaults:2: 1661 daAuts
   Zot:1: 1641 daAuts
